 Dungeon Crawl Stone Soup version 0.29-a0-821-g66395355a5 (webtiles) character file.

Game seed: 7796705288794840881

32 LynnLen the Sneak (level 3, -2/19 HPs)
             Began as a Vampire Enchanter on July 7, 2022.
             Slain by a worm (11 damage)
             ... on level 2 of the Dungeon on July 8, 2022.
             The game lasted 00:09:03 (1729 turns).

LynnLen the Sneak (Vampire Enchanter)               Turns: 1729, Time: 00:09:04

Health: -2/19      AC:  2    Str:  7    XL:     3   Next: 8%
Magic:  3/6        EV: 12    Int: 19    God:
Gold:   103        SH:  0    Dex: 14    Spells: 0/6 levels left

rFire   . . .      SeeInvis +   a - +1 dagger
rCold   + + .      Faith    .   (no shield)
rNeg    + + +      Spirit   .   b - +0 robe
rPois   ∞          Reflect  .   (no helmet)
rElec   .          Harm     .   (no cloak)
rCorr   .          Rampage  .   (no gloves)
Will    .....                   (no boots)
Stlth   +++++.....              (no amulet)
HPRegen 0.00/turn               (no ring)
MPRegen 0.10/turn               (no ring)

@: bloodless, inhibited regen
A: bloodless, fangs 3, see invisible, vampiric 2
a: Bat Form, Revivify


You were on level 2 of the Dungeon.
You visited 1 branch of the dungeon, and saw 2 of its levels.

You collected 103 gold pieces.

Inventory:

Hand Weapons
 a - a +1 dagger (weapon)
 i - a +0 shortbow
Armour
 b - a +0 robe (worn)
Jewellery
 h - an amulet of reflection
Scrolls
 d - 2 scrolls of teleportation {unknown}
 e - a scroll of summoning
 g - a scroll of fear
 j - a scroll of fog {unknown}
 k - a scroll of torment {unknown}
Potions
 c - a potion of invisibility
 f - a potion of cancellation {unknown}


   Skills:
 - Level 1.1 Short Blades
 + Level 2.3 Dodging
 * Level 5.7 Stealth
 * Level 2.2 Spellcasting
 + Level 4.7 Hexes


You couldn't memorise any spells.
You knew the following spells:

 Your Spells              Type           Power      Damage    Failure   Level
a - Confusing Touch       Hex            20%        N/A       7%          3
b - Tukima's Dance        Hex            20%        N/A       7%          3

Your spell library contained the following spells:

 Spells                   Type           Power      Damage    Failure   Level
 Ensorcelled Hibernation  Hex/Ice        22%        N/A       10%         2
 Dazzling Flash           Conj/Hex       22%        N/A       19%         3


Dungeon Overview and Level Annotations

Branches:
Dungeon (2/15)

Altars:

Shops:
D:2 (![


Innate Abilities, Weirdness & Mutations

You do not regenerate when monsters are visible.
You are frail without blood (-20% HP).
You can heal yourself when you bite living creatures.
You are immune to poison.
You have razor-sharp teeth.
You have supernaturally acute eyesight. (SInv)
You are afflicted with vampirism and can become a bat while bloodless.


Message History

There is an open door here.
There is an entrance to Geironi's Distillery here.
Unknown command.
There is an open door here.
There is an open door here.
There is an entrance to Geironi's Distillery here.
There is an open door here.
Found 3 gold pieces.
You now have 103 gold pieces (gained 3).
A hobgoblin comes into view.
Found 5 stones.
Found Gixounie's Antique Armour Boutique.
Found a scroll labelled YZUPO ZIADYCKE.
The helpless hobgoblin fails to defend itself.
You bite the hobgoblin, and draw its blood!
You impale the hobgoblin!!
You kill the hobgoblin!
You see here a hobgoblin corpse.
Found 4 gold pieces.
Found a stone staircase leading down.
The worm barely misses you.
There is an entrance to Gixounie's Antique Armour Boutique here.
Cast which spell? (? or * to list)
The spell is extremely dangerous to miscast (7% risk of failure)!
Continue anyway?
Your hands begin to glow red.
The worm bites you!
Ouch! That really hurt!
You hit the worm but do no damage. You punch the worm.
The worm is lightly wounded.
You hit the worm but do no damage. Your bite misses the worm.
The worm is lightly wounded.
The worm bites you but does no damage.
You hit the worm but do no damage.
The worm is lightly wounded.
You hit the worm but do no damage.
The worm is lightly wounded.
The worm bites you but does no damage.
You hit the worm but do no damage.
The worm appears confused.
The worm is lightly wounded.
The worm bites you!
Ouch! That really hurt!
You die...

.# .# ######>#
#...$..### #........#
#.##.?#...#.#
#.##...#w#..#
#.##....@...#
#.###..#.#..# #.#
#.#...#.# #.#
#..†....#
###.####..#####
#........##
#####.#.#.#......(.
###...........#######
.##.###.##..###


You could see a worm (confused).

Vanquished Creatures
  A dart slug (D:1)
  3 ball pythons (D:1)
  5 endoplasms
  3 goblins
  5 hobgoblins
  A quokka (D:1)
  A bat (D:1)
  A frilled lizard (D:1)
  7 rats (D:1)
27 creatures vanquished.

Notes
Turn   | Place    | Note
-------+----------+-------------------------------------------
     0 | D:1      | LynnLen the Vampire Enchanter began the quest for the Orb.
     0 | D:1      | Reached XP level 1. HP: 13/13 MP: 3/3
   145 | D:1      | Reached skill level 5 in Stealth
   145 | D:1      | Reached XP level 2. HP: 9/15 MP: 5/5
   729 | D:1      | Upgraded the game from 0.29-a0-819-g94b489e0ae to
                  | 0.29-a0-821-g66395355a5
  1449 | D:2      | Found Jovul's Antique Weapon Emporium.
  1585 | D:2      | Gained mutation: You are afflicted with vampirism and can
                  | become a bat while bloodless. [Vampire growth]
  1585 | D:2      | Reached XP level 3. HP: 19/19 MP: 6/6
  1589 | D:2      | Learned a level 3 spell: Confusing Touch
  1593 | D:2      | Learned a level 3 spell: Tukima's Dance
  1632 | D:2      | Found Geironi's Distillery.
  1717 | D:2      | Found Gixounie's Antique Armour Boutique.
  1729 | D:2      | Slain by a worm

Illustrated notes

Levels and vault maps discovered:
D:1:      eino_arrival_water_star, layout_loops_ring
D:2:      layout_loops_ring, serial_shops, shop, nicolae_shop_advertising_works
          [nicolae_subvault_shop_adworks], shop_fountains, shop,
          nicolae_shop_window_shopping, hellmonk_ecumenical_altar_crossroads

Skill      XL: |  1 |
---------------+----+-----
Stealth        | 5 |  5.7
Short Blades   | |  1.1
Dodging        | |  2.3
Spellcasting   | |  2.2
Hexes          | |  4.7

Action                   || total
-------------------------++-------
Melee: Dagger            ||    70
       Bite              ||     3
       Punch             ||     1
 Cast: Confusing Touch   ||     1
 Abil: Exsanguinate      ||     1
  Use: Scroll            ||     3
       Potion            ||     2
 Stab: Sleeping          ||    13
Armor: Robe              ||     7
Dodge: Dodged            ||    47

Table legend: (Time is in decaauts)
 A = Elapsed time spent in this place.
 B = Non-inter-level travel time spent in this place.
 C = Inter-level travel time spent in this place.
 D = Time resting spent in this place.
 E = Time spent auto-exploring this place.
 F = Levels seen in this place.
 G = Mean time per level.
                   A        B        C        D        E       F      G
               +--------+--------+--------+--------+--------+-----+--------+
         Total |   1726 |   1726 |      0 |    423 |    707 |   2 |  863.0 |
       Dungeon |   1726 |   1726 |      0 |    423 |    707 |   2 |  863.0 |
               +--------+--------+--------+--------+--------+-----+--------+

Top non-repeatable levels by time:
     D:1: 1311 daAuts
     D:2: 414 daAuts
